 Seeded DCSS version 0.32-a0-30-gefbe487952 (webtiles) character file.

Game seed: 9872065412798756122 (custom seed)

10240 timneilson the Covert (level 11, -4/77 HPs)
             Began as an Octopode Shapeshifter on Jan 19, 2024.
             Was an Initiate of Gozag.
             Slain by Grum
             ... wielding a -1 halberd
              (25 damage)
             ... on level 11 of the Dungeon.
             The game lasted 00:30:18 (11544 turns).

timneilson the Covert (Octopode Shapeshifter)      Turns: 11544, Time: 00:30:18

Health: -4/77      AC:  1    Str: 24    XL:     11   Next: 59%
Magic:  11/11      EV: 20    Int: 18    God:    Gozag
Gold:   1389       SH:  5    Dex: 11    Spells: 10/10 levels left

rFire   . .          .
                       - Unarmed
rCold   . . .        (shield currently unavailable)
rNeg    + . .        n - +0 mask of the Dragon {Will+ Slay+3 SInv}
rPois   +            B - amulet of reflection
rElec   .            u - ring of positive energy
rCorr   .            l - ring of Casuq {Str+6 Int+5}
SInv    +            A - ring of see invisible
Will    ++...        C - ring of Beogh's Regard {rPois Will+}
Stlth   ++           (no ring)
HPRegen 0.32/turn    (no ring)
MPRegen 0.12/turn    (no ring)
                     (no ring)

%: reflection
@: flux-form, gold aura, slowed, glowing, studying Stealth, very slow
A: glow, contaminating, almost no armour, amphibious, 8 rings, camouflage 1,
gelatinous body 1, (nimble swimmer 1), tentacles
a: Begin Untransformation, Renounce Religion, Potion Petition, Call Merchant,
Bribe Branch


You were on level 11 of the Dungeon.
You worshipped Gozag.
Gozag was most pleased with you.
You were something dangerously unstable.
You visited 2 branches of the dungeon, and saw 12 of its levels.

You collected 2814 gold pieces.
You spent 860 gold pieces at shops.
You paid 565 gold pieces to Gozag.

Inventory:

Missiles
 m - 4 throwing nets (quivered)
Armour
 n - the +0 mask of the Dragon (worn) {Will+ Slay+3 SInv}
   (You acquired it on level 6 of the Dungeon)

   Slay+3:    It affects your accuracy & damage with ranged weapons and melee
   (+3).
   Will+:     It increases your willpower.
   SInv:      It lets you see invisible.
Jewellery
 l - the ring of Casuq (right tentacle) {Str+6 Int+5}
   (You found it on level 7 of the Dungeon)

   [ring of strength]

   Str+6:     It affects your strength (+6).
   Int+5:     It affects your intelligence (+5).
 u - a ring of positive energy (left tentacle)
 A - a ring of see invisible (on tentacle)
 B - an amulet of reflection (around mantle)
 C - the ring of Beogh's Regard (on tentacle) {rPois Will+}
   (You bought it in a shop on level 8 of the Dungeon)

   [ring of willpower]

   rPois:     It protects you from poison Will+: It increases your willpower.
Talismans
 b - a beast talisman
 c - a flux talisman (active)
 h - a talisman of death
 y - a dragon-blood talisman
Wands
 s - a wand of flame (10)
 t - a wand of paralysis (7)
 v - a wand of iceblast (8)
 x - a wand of acid (3)
 E - a wand of mindburst (4)
Scrolls
 e - 5 scrolls of revelation
 g - a scroll of fear
 i - 3 scrolls of brand weapon
 k - 2 scrolls of poison
 p - 7 scrolls of teleportation
 q - a scroll of fog
 r - 2 scrolls of amnesia
Potions
 a - a potion of lignification
 d - a potion of enlightenment
 f - 3 potions of magic
 j - 3 potions of mutation
 o - a potion of brilliance
 w - a potion of invisibility
 z - 2 potions of degeneration {unknown}
 D - a potion of attraction {unknown}
 F - a potion of resistance {unknown}


   Skills:
 * Level 8.2 Fighting
 * Level 8.5 Dodging
 + Level 11.0 Stealth
 * Level 8.9 Unarmed Combat
 + Level 4.4 Evocations
 * Level 8.1 Shapeshifting


You had 10 spell levels left.
You didn't know any spells.
Your spell library contained the following spells:

 Spells                   Type           Power      Damage    Failure   Level
 Call Imp                 Summ           0%         N/A       32%         2
 Ensorcelled Hibernation  Hex/Ice        0%         N/A       32%         2
 Sublimation of Blood     Necr           0%         N/A       32%         2
 Passwall                 Erth           0%         N/A       54%         3
 Swiftness                Air            0%         N/A       54%         3
 Summon Hydra             Summ           0%         N/A       100%        7


Dungeon Overview and Level Annotations

Branches:
Dungeon (11/15)            Temple (1/1) D:5            Lair (0/5) D:9
    Orc: D:9-12

Altars:
Ashenzari
Cheibriados
Dithmenos
Elyvilon
Fedhas
Gozag
Hepliaklqana
Kikubaaqudgha
Makhleb
Nemelex Xobeh
Okawaru
Qazlal
Ru
Sif Muna
Trog
Uskayaw
Vehumet
Wu Jian
Xom
Yredelemnul
Zin
The Shining One

Shops:
D:1 :   D:8 =   D:9 *

Annotations:
D:4 1 runed translucent door
D:10 1 runed translucent door, croobank's ghost, novice DgSh
D:11 Grum
Temple 2 transporters


Innate Abilities, Weirdness & Mutations

You are something dangerously unstable.
You glow with magical radiation, making you easy to see and hit.
Foes you strike become dangerously contaminated with magical radiation.
You are incapable of wielding weapons or throwing items.
You cannot wear most types of armour.
You are amphibious.
You can wear up to eight rings at the same time.
Your skin changes colour to match your surroundings (Stealth+).
Your rubbery body absorbs attacks. (AC +1, EV +1)
((You are camouflaged when in or above water. (Stealth+)))
You have tentacles for arms and can constrict up to eight enemies at once.


Message History

You bludgeon the wolf!
The wolf begins to glow.
Your grab misses the wolf. Your squeeze misses the wolf.
The wolf is moderately wounded.
The wolf misses you. The wolf closely misses you.
You barely miss the wolf. Your grab misses the wolf.
The wolf is moderately wounded.
You block the wolf's attack.
You tentacle-slap the wolf.
The wolf glows dangerously bright.
You grab the wolf. You squeeze the wolf!
You kill the wolf!
The wraith barely misses you.
You see here 8 gold pieces.
You tentacle-slap the wraith.
The wraith begins to glow.
The wraith is lightly damaged.
The wraith hits you. The wraith drains your vigour!
You feel yourself slow down. Grum closely misses you.
You tentacle-slap the wraith but do no damage.
The wraith glows dangerously bright.
You squeeze the wraith.
The wraith is lightly damaged.
The wraith hits you! The wraith drains your vigour!
You feel as though you will be slow longer.
Grum misses you.
You tentacle-slap the wraith but do no damage.
The wraith shudders as magic cascades through it!
The wraith is heavily damaged.
The wraith hits you! Grum completely misses you. The wraith closely misses you.
Grum hits you from afar with a -1 halberd!
You closely miss the wraith.
The wraith is heavily damaged.
The wraith misses you.
Grum hits you from afar with a -1 halberd!
* * * LOW HITPOINT WARNING * * *
The wraith attacks as it pursues you! You block the wraith's attack.
Grum attacks as he pursues you! Grum misses you.
There is a stone staircase leading up here.
The wraith is distracted by your dazzling golden aura.
You block Grum's attack.
Grum hits you from afar with a -1 halberd!!
You die...
Your body crumbles into a pile of gold.

############### #
#######.............#
#############...p...###########..
...........##.#W................#
##########.##.g###.####.##.####..
# #.##....#(# # #.. #.........#
#.. ######.h.## #.. ....# $..
...g# ##.! ...... #..


You could see Grum and a wraith (unaware).

Vanquished Creatures
  Gastronok (D:10)
  Fannar (D:10)
  3 unseen horrors
  A komodo dragon (D:10)
  A kobold demonologist (D:11)
  Sigmund (D:3)
  The ghost of LoggersVIII the Sneak, an amateur OpEE of Gozag (D:4)
  2 shadows (D:10)
  A wyvern (D:9)
  5 yaks (D:10)
  A steam dragon (D:7)
  3 vampire mosquitoes (D:10)
  An acid dragon (D:10)
  2 water moccasins (D:7)
  2 orc warriors
  3 ice beasts
  2 ogres
  3 black bears
  2 sky beasts
  2 wolves
  12 centaurs
  2 kobold brigands
  Blork the orc (D:4)
  4 bullfrogs
  A gnoll sergeant (D:9)
  2 scorpions
  6 wights
  8 killer bees
  The ghost of LoggersVIII the Sneak, a weakling OpEE (D:3)
  5 howler monkeys (D:9)
  2 bombardier beetles
  7 hounds
  A gnoll bouda (D:9)
  4 orc priests
  4 jellies
  3 sleepcaps
  6 iguanas
  An orc wizard (D:9)
  2 hound zombies (D:5)
  16 gnolls
  7 adders
  A white imp (D:6)
  2 ufetubi (D:6)
  A dart slug (D:4)
  3 ribbon worms
  18 orcs
  A bat (D:1)
  10 endoplasms
  2 giant cockroaches
  6 goblins
  10 hobgoblins
  2 jackals (D:9)
  A quokka (D:4)
  2 ball pythons
  2 frilled lizards (D:1)
  18 kobolds
  4 rats
216 creatures vanquished.

Notes
Turn   | Place    | Note
-------+----------+-------------------------------------------
     0 | D:1      | timneilson the Octopode Shapeshifter began the quest for
                  | the Orb.
     0 | D:1      | Reached XP level 1. HP: 13/13 MP: 1/1
   215 | D:1      | Found Logiotz's Book Emporium.
   287 | D:1      | Reached XP level 2. HP: 18/18 MP: 2/2
  1150 | D:2      | Reached skill level 1 in Stealth
  1150 | D:2      | Reached XP level 3. HP: 19/23 MP: 3/3
  1811 | D:2      | Found a faded altar of an unknown god.
  1964 | D:3      | Found a runed translucent gate.
  1970 | D:3      | Found a sparkling altar of Nemelex Xobeh.
  1971 | D:3      | Found an opulent altar of Gozag.
  1976 | D:3      | Became a worshipper of Gozag Ym Sagoz the Greedy
  1990 | D:3      | Found a runed translucent gate.
  1990 | D:3      | Found a runed translucent gate.
  1990 | D:3      | Noticed LoggersVIII's ghost (weakling OpEE)
  1992 | D:3      | Identified the +2 leather armour of Nubi {rElec Regen+}
  2168 | D:3      | Found a shadowy altar of Dithmenos.
  2170 | D:3      | Found a shimmering altar of Xom.
  2340 | D:3      | Noticed a kobold brigand
  2367 | D:3      | Noticed Sigmund
  2374 | D:3      | Killed Sigmund
  2375 | D:3      | Reached skill level 2 in Stealth
  2375 | D:3      | Reached XP level 4. HP: 22/30 MP: 2/4
  2375 | D:3      | Reached XP level 5. HP: 26/35 MP: 2/5
  2375 | D:3      | Reached XP level 6. HP: 31/41 MP: 2/6
  2766 | D:3      | Killed LoggersVIII's ghost
  2866 | D:4      | Noticed a black bear
  2877 | D:4      | Found a runed translucent door.
  2878 | D:4      | Noticed LoggersVIII's ghost (amateur OpEE)
  3079 | D:4      | Killed a black bear
  3080 | D:4      | Reached skill level 3 in Stealth
  3080 | D:4      | Reached XP level 7. HP: 41/46 MP: 5/7
  3217 | D:4      | Found a runed translucent door.
  3342 | D:4      | Found a snail-covered altar of Cheibriados.
  3709 | D:4      | Noticed Blork the orc
  3716 | D:4      | Killed Blork the orc
  3787 | D:4      | Reached skill level 5 in Unarmed Combat
  3969 | D:5      | Entered Level 5 of the Dungeon
  3994 | D:5      | Reached skill level 4 in Stealth
  3994 | D:5      | Reached XP level 8. HP: 54/54 MP: 6/8
  4031 | D:5      | Found a staircase to the Ecumenical Temple.
  4045 | D:4      | Identified a scroll of acquirement
  4045 | D:4      | Acquired a manual of Stealth
  4150 | D:5      | Reached skill level 5 in Shapeshifting
  4373 | D:5      | Reached skill level 5 in Dodging
  4373 | D:5      | Reached skill level 5 in Stealth
  4586 | D:5      | Found a hide-covered altar of Uskayaw.
  4744 | D:5      | Found a basalt altar of Yredelemnul.
  4845 | Temple   | Found a transporter.
  4845 | Temple   | Found a transporter.
  4845 | Temple   | Found a transporter.
  4845 | Temple   | Found a transporter.
  4845 | Temple   | Entered the Ecumenical Temple
  5099 | D:6      | Reached skill level 5 in Fighting
  5099 | D:6      | Reached skill level 6 in Stealth
  5217 | D:6      | Reached XP level 9. HP: 56/61 MP: 9/9
  6018 | D:6      | Acquired the +0 mask of the Dragon {Will+ Slay+3 SInv}
  6018 | D:6      | Found the +0 mask of the Dragon {Will+ Slay+3 SInv}
  6020 | D:6      | Acquired 692 gold pieces
  6022 | D:6      | Acquired a ring of positive energy
  6119 | D:7      | Found an ornate altar of the Wu Jian Council.
  6195 | D:7      | Reached skill level 7 in Stealth
  6342 | D:7      | Noticed a deep elf pyromancer
  6535 | D:7      | Reached skill level 1 in Evocations
  6647 | D:7      | HP: 3/62 [ice beast (5)]
  6689 | D:7      | Identified the ring of Casuq {Str+6 Int+5}
  6767 | D:7      | Reached skill level 8 in Stealth
  7052 | D:8      | Reached XP level 10. HP: 57/69 MP: 8/10
  7443 | D:8      | Found Udeps's Jewellery Shoppe.
  7451 | D:8      | Bought an amulet of reflection for 390 gold pieces
  7451 | D:8      | Bought the ring of Beogh's Regard {rPois Will+} for 470
                  | gold pieces
  7558 | D:8      | Found a bloodstained altar of Trog.
  7655 | D:9      | Found Xajeloir's Assorted Antiques.
  7672 | D:9      | Found a staircase to the Lair.
  8790 | D:10     | Entered Level 10 of the Dungeon
  8790 | D:10     | Found a runed translucent door.
  8809 | D:10     | Reached skill level 9 in Stealth
  8966 | D:10     | Noticed an unseen horror
  8987 | D:10     | Noticed an unseen horror
  9000 | D:10     | Killed an unseen horror
  9010 | D:10     | Noticed croobank's ghost (novice DgSh)
  9132 | D:4      | Killed LoggersVIII's ghost
  9404 | D:10     | Noticed Fannar
  9599 | D:10     | Killed Fannar
 10122 | D:10     | Reached XP level 11. HP: 69/75 MP: 11/11
 10171 | D:10     | Noticed Gastronok
 10199 | D:10     | Killed Gastronok
 10200 | D:10     | Reached skill level 10 in Stealth
 11495 | D:11     | Noticed Grum
 11507 | D:10     | Reached skill level 11 in Stealth
 11544 | D:11     | Slain by Grum

Illustrated notes

Levels and vault maps discovered:
D:1:      dpeg_arrival_stone_temple_mockup, layout_loops_corners, serial_shops,
          shop, minmay_split_cup_large
D:2:      layout_basic, chequers_ecumenical_altar_grove, chequers_jeans
D:3:      cheibrodos_thug_alley, layout_rooms, grunt_temple_overflow_opulence,
          grunt_temple_overflow_open, biasface_ghost_orc_armoury, uniq_sigmund
D:4:      minmay_razor_zed, layout_gridville, cheibriados_altar_1,
          ebering_ghost_sewer_f, serial_bayou, serial_bayou_pond_d,
          serial_bayou_shore_b, serial_bayou_pond_a, serial_bayou_shore_b,
          uniq_blork_the_orc
D:5:      layout_rooms, lemuel_doored_altar, lemuel_zombie_altar_yredelemnul,
          minmay_temple_entry_overgrown, nicolae_underground_beach
D:6:      layout_basic
D:7:      minmay_clustersquares, layout_loops_cross,
          mainiacjoe_overflow_catwalk, kennysheep_windowed_goal
D:8:      layout_loops_ring, general_overflow_altar, serial_shops,
          nicolae_diamond_shop
D:9:      layout_cave_pools, lair_entry_dummy, serial_gnoll_camp,
          gnoll_camp_mini_shop, gnoll_camp_medium_02, gnoll_camp_mini_hut,
          gnoll_camp_mini_hut
D:10:     layout_irregular_city, hellmonk_ghost_big_iron,
          minmay_gold_behind_fungi, uniq_fannar, uniq_gastronok
D:11:     layout_loops_ring, uniq_grum
Temple:   hellmonk_temple_divided_pantheon

Skill      XL: |  1  2  3  4  5  6  7  8  9 10 11 |
---------------+----------------------------------+-----
Stealth        | 1 2 3 4 6 8 9 11 | 11.0
Fighting       | 2 3 4 5 6 7 8 |  8.2
Dodging        | 3 4 5 6 7 8 |  8.5
Unarmed Combat | 4 5 6 7 8 |  8.9
Shapeshifting  | 4 5 6 7 8 |  8.1
Evocations     | 2 3 4 |  4.4

Action                     |  1- 3 |  4- 6 |  7- 9 | 10-12 || total
---------------------------+-------+-------+-------+-------++-------
  Melee: Unarmed           |    53 |    43 |   225 |   244 ||   565
         Constrict         |    14 |    10 |    47 |    45 ||   116
         Tentacles         |    13 |    14 |    53 |    71 ||   151
         Punch             |     3 |     2 |    16 |     6 ||    27
 Invoke: Potion Petition   |       |       |     1 |       ||     1
  Evoke: Wand              |       |       |       |     1 ||     1
    Use: Scroll            |     9 |     4 |     8 |     5 ||    26
         Potion            |     2 |       |     7 |     2 ||    11
   Stab: Sleeping          |    15 |       |    25 |     5 ||    45
         Invisible         |     1 |       |     1 |       ||     2
         Distracted        |       |       |     1 |     2 ||     3
 Armour: Skin              |    13 |    21 |    82 |    95 ||   211
  Dodge: Dodged            |    22 |    19 |   137 |   205 ||   383
  Block: Other             |       |       |       |    48 ||    48
         Reflection        |       |       |       |     2 ||     2
   Form: Flux              |       |       |       |     1 ||     1

Table legend: (Time is in decaauts)
 A = Elapsed time spent in this place.
 B = Non-inter-level travel time spent in this place.
 C = Inter-level travel time spent in this place.
 D = Time resting spent in this place.
 E = Time spent auto-exploring this place.
 F = Levels seen in this place.
 G = Mean time per level.
                   A        B        C        D        E       F      G
               +--------+--------+--------+--------+--------+-----+--------+
         Total |  11468 |  10695 |    773 |   1575 |   5559 |  12 |  955.7 |
       Dungeon |  11466 |  10693 |    773 |   1575 |   5559 |  11 | 1042.4 |
        Temple |      1 |      1 |      0 |      0 |      0 |   1 |    1.0 |
               +--------+--------+--------+--------+--------+-----+--------+

Top non-repeatable levels by time:
    D:10: 1535 daAuts
     D:9: 1433 daAuts
     D:4: 1420 daAuts
     D:6: 1193 daAuts
     D:1: 963 daAuts
     D:2: 952 daAuts
     D:3: 938 daAuts
     D:7: 900 daAuts
     D:8: 890 daAuts
     D:5: 718 daAuts
    D:11: 521 daAuts
  Temple: 1 daAuts
